 Dungeon Crawl Stone Soup version 0.28-a0-313-gbc0475efdd (webtiles) character file.

Game seed: 9403194757187911747

321 ezpacito the Distorting Demonspawn (level 6, -12/47 HPs)
             Began as a Demonspawn Abyssal Knight on Aug 31, 2021.
             Was a Believer of Lugonu.
             Mangled by an ogre (24 damage)
             ... on level 4 of the Dungeon.
             The game lasted 00:06:49 (3814 turns).

ezpacito the Distorting Demonspawn (DsAK)           Turns: 3814, Time: 00:06:50

Health: -12/47     AC: 10    Str: 12    XL:     6   Next: 22%
Magic:  8/8        EV: 11    Int: 13    God:    Lugonu [**....]
Gold:   248        SH:  4    Dex: 15    Spells: 3/8 levels left

rFire   . . .      SeeInvis .   a - +2 hand axe
rCold   . . .      Faith    .   g - +0 buckler
rNeg    . . .      Spirit   .   b - +0 leather armour {Will+}
rPois   .          Reflect  .   (no helmet)
rElec   .          Harm     .   (no cloak)
rCorr   .          Rampage  .   (no gloves)
Will    +....                   t - +0 pair of boots
Stlth   +.........              (no amulet)
HPRegen 0.15/turn               d - +4 ring of protection
MPRegen 0.11/turn               i - ring of flight

@: flying
A: yellow scales 1, powered by pain 2
a: Renounce Religion, Depart the Abyss, Bend Space


You were on level 4 of the Dungeon.
You worshipped Lugonu.
Lugonu was pleased with you.
You visited 1 branch of the dungeon, and saw 5 of its levels.
You visited the Abyss 1 time.

You collected 248 gold pieces.

Inventory:

Hand Weapons
 a - a +2 hand axe (weapon)
Missiles
 q - 52 stones (quivered)
Armour
 b - a +0 leather armour of willpower (worn)
 g - a +0 buckler (worn)
 t - a +0 pair of boots (worn)
Magical Staves
 o - a staff of poison
Jewellery
 d - a +4 ring of protection (left hand)
 i - a ring of flight (right hand)
Wands
 c - a wand of acid (14)
 e - a wand of paralysis (7)
Scrolls
 h - 3 scrolls of teleportation
 k - 2 scrolls of amnesia
 r - a scroll of holy word {unknown}
Potions
 f - 6 potions of heal wounds
 j - a potion of attraction {unknown}
 l - a potion of flight
 m - a potion of curing
 p - a potion of brilliance {unknown}
 s - a potion of ambrosia {unknown}
 v - a potion of berserk rage {unknown}


   Skills:
 + Level 3.6 Fighting
 * Level 3.1 Axes
 + Level 0.3 Staves
 + Level 0.4 Throwing
 + Level 2.5 Armour
 + Level 1.9 Dodging
 + Level 1.2 Shields
 + Level 1.5 Spellcasting
 + Level 0.6 Necromancy
 + Level 0.6 Poison Magic
 + Level 3.7 Invocations
 + Level 1.5 Evocations


You had 3 spell levels left.
You knew the following spells:

 Your Spells              Type           Power      Damage    Failure   Level
a - Animate Skeleton      Necr           4%         N/A       36%         1
b - Pain                  Necr           8%         1d4       36%         1
c - Vampiric Draining     Necr           1%         2d6       75%         3

Your spell library contained the following spells:

 Spells                   Type           Power      Damage    Failure   Level
 Corpse Rot               Necr/Air       N/A        N/A       54%         2
 Poisonous Vapours        Pois/Air       2%         N/A       54%         2
 Freezing Cloud           Conj/Ice/Air   0%         6-21      100%        5


Dungeon Overview and Level Annotations

Branches:
Dungeon (5/15)
 Temple: D:4-7

Altars:
Gozag
Hepliaklqana
Makhleb
Qazlal
The Shining One


Innate Abilities, Weirdness & Mutations

You are partially covered in yellow scales. (AC +2)
You sometimes gain power by taking damage.


Message History

You closely miss the water moccasin.
The water moccasin is almost dead.
The water moccasin bites you but does no damage.
The water moccasin barely misses you.
You hit the water moccasin.
You kill the water moccasin!
Lugonu accepts your kill.
Your Axes skill increases to level 3!
You have reached level 6!
Your experience leads to an increase in your attributes!
Increase (S)trength, (I)ntelligence, or (D)exterity?
You feel agile.
Your demonic ancestry asserts itself...
You feel even more energised by your suffering.
You start resting.
HP restored.
You fly downwards.
The ogre hits you with a +0 giant spiked club!
There is a stone staircase leading up, spattered with blood here.
You fly upwards.
There is a stone staircase leading down here.
You hit the ogre.
The ogre is lightly wounded.
You block the ogre's attack.
You hit the ogre.
The ogre is moderately wounded.
The ogre hits you with a +0 giant spiked club!
You feel much better.
The ogre hits you with a +0 giant spiked club!
You barely miss the ogre.
The ogre is moderately wounded.
The ogre hits you with a +0 giant spiked club.
You hit the ogre.
The ogre is heavily wounded.
The ogre hits you with a +0 giant spiked club!
* * * LOW HITPOINT WARNING * * *
You slash the ogre!
The ogre is severely wounded.
The ogre hits you with a +0 giant spiked club!!
Ouch! That really hurt!
You die...

##### #.#...#...##
....#### ###..#......#
###....##
##...........# ###...#
###............##
#...#
##...............#
#...#
#................##
##...#
#.................#
##...##
##..##...........##
###...##
#####@..........#
......# #.O.........#
......# #..)........#
...#..## #...........#
..####.##
#......<....# .##
##.## #...........# .#
##.#######...........#
)##
#...##..............#
..#
##......#...........#


You could see an ogre.

Vanquished Creatures
  A water moccasin (D:4)
  An orc priest (D:3)
  A hound (D:4)
  A hound skeleton (D:4)
  6 adders
  An ufetubus (D:4)
  A worm (D:2)
  3 dart slugs
  5 orcs (D:3)
  7 ball pythons
  5 bats
  6 endoplasms
  4 giant cockroaches
  5 goblins
  7 hobgoblins
  4 jackals (D:4)
  6 kobolds
  4 quokkas
  2 frilled lizards
  5 rats
  A spectral orc (D:3)
76 creatures vanquished.

Vanquished Creatures (others)
  A plant (D:2)
  2 starspawn tentacles (Abyss:1)
3 creatures vanquished.

Grand Total: 79 creatures vanquished

Notes
Turn   | Place    | Note
-------+----------+-------------------------------------------
     0 | Abyss:1  | ezpacito the Demonspawn Abyssal Knight began the quest for
                  | the Orb.
     0 | Abyss:1  | Reached XP level 1. HP: 18/18 MP: 2/2
    56 | Abyss:1  | Noticed a tentacled starspawn
    59 | Abyss:1  | Noticed a worldbinder
    69 | Abyss:2  | Found a corrupted altar of Lugonu.
    71 | Abyss:2  | Noticed a ynoxinul
    87 | D:1      | Escaped the Abyss
   182 | D:1      | Reached skill level 1 in Dodging
   306 | D:1      | Gained mutation: You are partially covered in yellow
                  | scales. (AC +2) [demonic ancestry]
   306 | D:1      | Reached XP level 2. HP: 19/24 MP: 3/3
   490 | D:1      | Reached * piety under Lugonu
   866 | D:2      | Reached XP level 3. HP: 20/29 MP: 5/5
  1256 | D:2      | Reached skill level 1 in Spellcasting
  1339 | D:2      | Gained mutation: You sometimes gain a little power by
                  | taking damage. [demonic ancestry]
  1339 | D:2      | Reached XP level 4. HP: 25/35 MP: 6/6
  1725 | D:2      | Found a faded altar of an unknown god.
  1973 | D:3      | Reached skill level 1 in Evocations
  2061 | D:3      | Reached ** piety under Lugonu
  2415 | D:3      | Reached XP level 5. HP: 37/41 MP: 7/7
  2443 | D:3      | Found a stormy altar of Qazlal.
  2552 | D:3      | Found a hazy altar of Hepliaklqana.
  2562 | D:3      | Learned a level 1 spell: Animate Skeleton
  2564 | D:3      | Learned a level 1 spell: Pain
  2568 | D:3      | Learned a level 3 spell: Vampiric Draining
  2632 | D:4      | Reached skill level 1 in Shields
  2828 | D:4      | Found an opulent altar of Gozag.
  3052 | D:4      | Found a burning altar of Makhleb.
  3052 | D:4      | Noticed a balrug
  3577 | D:5      | Entered Level 5 of the Dungeon
  3591 | D:5      | Noticed an ogre
  3591 | D:5      | Noticed a water moccasin
  3625 | D:4      | Killed a water moccasin
  3626 | D:4      | Gained mutation: You sometimes gain power by taking damage.
                  | [demonic ancestry]
  3626 | D:4      | Reached XP level 6. HP: 20/47 MP: 8/8
  3814 | D:4      | Mangled by an ogre

Illustrated notes

Levels and vault maps discovered:
D:1:      dpeg_arrival_ternary, layout_loops_ring, minmay_tetromino_s4
D:2:      layout_basic, basic_ecumenical_altar, serial_bayou_lagoon_b
D:3:      layout_rooms, nicolae_hepliaklqana_monster_ancestors,
          nicolae_overflow_crystal_walls
D:4:      layout_layer_cave, kennysheep_mini, makhleb_altar_promises_db,
          tso_altar, hex_tiny, minmay_misc_feat_pillars
D:5:      layout_rooms

Skill      XL: |  1  2  3  4  5 |
---------------+----------------+-----
Dodging        | 1 |  1.9
Axes           | 2 3 |  3.1
Armour         | 2 |  2.5
Invocations    | 3 |  3.7
Spellcasting   | 1 |  1.5
Evocations     | 1 |  1.5
Shields        | 1 |  1.2
Fighting       | |  3.6
Staves         | |  0.3
Throwing       | |  0.4
Necromancy     | |  0.6
Poison Magic   | |  0.6

Action                   |  1- 3 |  4- 6 || total
-------------------------+-------+-------++-------
Melee: Hand axe          |   112 |   155 ||   267
Invok: Depart the Abyss  |     1 |       ||     1
  Use: Scroll            |     2 |     7 ||     9
       Potion            |     1 |     2 ||     3
Armor: Leather armour    |    34 |    17 ||    51
       Ring mail         |     8 |    65 ||    73
Dodge: Dodged            |    79 |    97 ||   176
Block: Buckler           |    11 |    32 ||    43

Table legend: (Time is in decaauts)
 A = Elapsed time spent in this place.
 B = Non-inter-level travel time spent in this place.
 C = Inter-level travel time spent in this place.
 D = Time resting spent in this place.
 E = Time spent auto-exploring this place.
 F = Levels seen in this place.
 G = Mean time per level.
                   A        B        C        D        E       F      G
               +--------+--------+--------+--------+--------+-----+--------+
         Total |   3872 |   3752 |    120 |    179 |   2884 |   7 |  553.1 |
       Dungeon |   3786 |   3666 |    120 |    179 |   2829 |   5 |  757.2 |
         Abyss |     86 |     86 |      0 |      0 |     55 |   2 |   43.0 |
               +--------+--------+--------+--------+--------+-----+--------+

Top non-repeatable levels by time:
     D:4: 1210 daAuts
     D:2: 1130 daAuts
     D:1: 743 daAuts
     D:3: 663 daAuts
 Abyss:1: 60 daAuts
     D:5: 38 daAuts
 Abyss:2: 25 daAuts
